Map: Coda LE (Void)

Players

iNcontroLRC (INcontroL)

  • Race: Protoss Protoss

Wintersc2 (Winter) - Winner!

  • Race: Zerg Zerg

VOD

Have the link to the VOD?

Description

Time

  • Played on: April 7, 2015, 6:01 a.m.
  • Length: 8:37
Show
View Real Time Build Order
Export as new Build Order

iNcontroLRC Protoss 

Build Orders: Nexus First, Oracle Opening, Mass Phoenix 

Get SALT Encoding   

  12  0:00  Probe  
  13  0:14  Pylon  
  13  0:18  Probe  
  14  0:32  Probe (Chrono Boost)  
  15  0:42  Probe (Chrono Boost)  
  16  0:57  Nexus  
  16  1:00  Probe (Chrono Boost)  
  18  1:12  Probe (Chrono Boost)  
  18  1:16  Gateway  
  18  1:20  Assimilator  
  18  1:24  Assimilator  
  18  1:28  Probe (Chrono Boost)  
  20  1:40  Probe (Chrono Boost), Pylon  
  21  1:48  Probe (Chrono Boost)  
  21  1:57  Probe  
  22  2:04  Cybernetics Core  
  22  2:10  Probe (Chrono Boost)  
  22  2:14  Probe (Chrono Boost)  
  24  2:20  Probe (Chrono Boost)  
  26  2:23  Probe (Chrono Boost)  
  26  2:27  Probe  
  26  2:29  Pylon  
  27  2:33  Probe  
  28  2:41  Mothership Core (Chrono Boost)  
  28  2:42  Sentry  
  32  2:44  Warp Gate  
  32  2:46  Probe (Chrono Boost)  
  32  2:50  Assimilator  
  33  2:57  Probe (Chrono Boost)  
  34  3:00  Probe (Chrono Boost)  
  34  3:04  Probe (Chrono Boost)  
  35  3:18  Probe  
  36  3:22  Probe  
  36  3:30  Gateway x2  
  36  3:33  Forge  
  36  3:36  Sentry  
  36  3:40  Probe x2 (Chrono Boost), Stargate  
  40  3:48  Assimilator  
  40  3:51  Probe (Chrono Boost)  
  40  3:52  Probe (Chrono Boost)  
  42  3:58  Probe x2 (Chrono Boost)  
  42  4:00  Pylon  
  44  4:07  Photon Cannon  
  44  4:08  Probe x2 (Chrono Boost)  
  46  4:14  Probe  
  46  4:15  Probe  
  48  4:18  Pylon  
  48  4:23  Oracle (Chrono Boost)  
  51  4:27  Probe (Chrono Boost)  
  51  4:31  Probe (Chrono Boost)  
  53  4:34  Robotics Facility  
  53  4:37  Probe (Chrono Boost)  
  55  4:40  Probe (Chrono Boost)  
  55  4:44  Probe  
  56  4:47  Sentry x2  
  56  4:50  Probe  
  56  4:52  Phoenix (Chrono Boost)  
  63  4:56  Probe  
  63  4:59  Stalker  
  66  5:02  Probe  
  67  5:07  Pylon  
  67  5:08  Probe  
  68  5:15  Pylon  
  68  5:17  Pylon  
  67  5:22  Observer  
  67  5:25  Robotics Bay, Phoenix (Chrono Boost)  
  67  5:27  Pylon  
  70  5:47  Probe  
  70  5:48  Observer  
  74  5:50  Phoenix (Chrono Boost)  
  74  5:51  Zealot  
  74  5:52  Zealot x2  
  80  6:03  Probe  
  80  6:04  Probe  
  82  6:07  Protoss Ground Weapons Level 1 (Chrono Boost)  
  82  6:08  Phoenix (Chrono Boost)  
  82  6:10  Twilight Council  
  84  6:16  Probe, Pylon  
  85  6:22  Nexus  
  89  6:25  Disruptor (Chrono Boost)  
  89  6:26  Probe (Chrono Boost), Pylon  
  89  6:32  Probe (Chrono Boost)  
  93  6:33  Phoenix (Chrono Boost)  
  93  6:38  Probe (Chrono Boost), Zealot  
  93  6:39  Zealot  
  98  6:43  Probe (Chrono Boost)  
  99  6:50  Charge (Chrono Boost)  
  99  6:55  Photon Cannon x2  
  99  6:57  Gateway  
  99  7:01  Gateway  
  99  7:10  Gateway  
  99  7:11  Disruptor  
  99  7:12  Gateway  
  98  7:18  Zealot  
  98  7:19  Zealot x2  
  74  7:37  Probe x2  
  74  7:42  Zealot  
  74  7:43  Zealot x2  
  64  8:01  Probe x2  
  70  8:08  Zealot x3  
  61  8:28  Zealot  
  61  8:29  Zealot x2  
Show
View Real Time Build Order
Export as new Build Order

Wintersc2 Zerg - Winner!

Build Orders: Hatch First 

Get SALT Encoding   

  12  0:01  Drone  
  13  0:09  Drone  
  14  0:17  Overlord  
  14  0:36  Drone x2  
  14  0:38  Drone  
  17  0:52  Hatchery  
  17  0:56  Drone  
  17  1:00  Drone  
  18  1:09  Extractor  
  17  1:12  Drone  
  18  1:19  Spawning Pool  
  18  1:23  Drone  
  18  1:30  Drone  
  19  1:40  Overlord  
  19  2:05  Queen  
  19  2:06  Zergling x4, Queen  
  19  2:07  Zergling x2  
  26  2:15  Metabolic Boost  
  26  2:21  Drone x2  
  28  2:25  Drone  
  29  2:30  Drone  
  29  2:35  Drone  
  31  2:39  Drone  
  31  2:41  Queen  
  34  2:48  Overlord  
  34  2:54  Drone  
  35  3:08  Drone  
  35  3:09  Drone x2  
  35  3:10  Drone  
  39  3:17  Drone x2  
  39  3:18  Drone  
  40  3:21  Hatchery  
  39  3:32  Drone x2  
  39  3:33  Drone x2  
  42  3:36  Lair  
  42  3:39  Overlord  
  42  3:48  Overlord  
  42  3:51  Drone x2  
  42  3:52  Extractor  
  42  3:54  Roach Warren  
  42  3:57  Overlord  
  42  4:06  Drone x5  
  42  4:07  Evolution Chamber  
  46  4:14  Drone x2  
  48  4:21  Extractor  
  48  4:22  Drone x2  
  50  4:24  Drone x2  
  50  4:28  Zergling x6  
  54  4:35  Queen  
  56  4:38  Glial Reconstitution  
  56  4:40  Zerg Missile Weapons Level 1  
  56  4:41  Roach  
  56  4:42  Roach  
  56  4:44  Zergling x4  
  62  4:48  Overlord  
  62  4:52  Overlord  
  62  4:53  Drone x2  
  62  4:54  Drone  
  62  4:59  Drone x3  
  68  5:04  Drone  
  68  5:05  Drone  
  68  5:06  Drone x2  
  72  5:08  Drone  
  73  5:17  Drone x3  
  75  5:23  Spore Crawler  
  75  5:26  Spine Crawler  
  75  5:27  Drone x2, Roach x4  
  82  5:37  Drone x5  
  82  5:42  Overlord  
  84  5:48  Overlord x3  
  84  5:52  Spore Crawler  
  84  5:56  Overlord  
  83  6:01  Ravager x2  
  83  6:02  Ravager x4  
  86  6:05  Overlord  
  86  6:12  Roach x4  
  86  6:14  Roach  
  86  6:15  Overlord  
  86  6:18  Roach  
  98  6:23  Hatchery  
  99  6:25  Roach  
  99  6:26  Roach x3, Zergling x2  
  99  6:27  Zergling x2  
  107  6:33  Zergling x8  
  107  6:35  Zergling x4  
  107  6:37  Zergling x4  
  116  6:40  Zergling x4  
  117  6:50  Zergling x4  
  117  6:52  Zergling x16  
  127  6:58  Overlord  
  127  6:59  Overlord  
  127  7:03  Overlord  
  126  7:18  Roach x2  
  126  7:22  Roach  
  129  7:24  Roach x2  
  129  7:25  Roach x3  
  129  7:27  Roach  
  129  7:29  Roach x2  
  137  7:32  Roach x2  
  137  7:33  Roach x2  
  137  7:35  Roach  
  143  7:37  Queen  
  143  7:42  Roach x2  
  143  7:43  Roach  
  150  7:49  Roach  
  150  7:53  Roach x2  
  150  7:55  Roach  
  150  7:56  Roach  
  147  7:59  Zergling x2  
  147  8:02  Roach  
  147  8:05  Roach  
  147  8:06  Roach  
  147  8:09  Zergling x8  
  147  8:13  Roach  
  147  8:15  Roach  
  147  8:16  Zergling x4  
  147  8:17  Zergling x2  
  147  8:19  Zergling x2  
  152  8:23  Drone x2  
  152  8:24  Drone  
Tags
 
Add a new tag
Caveats
  • Supply blocks, unpowered buildings, or Contaminate may cause inaccurate times.
  • Supply counts are checked every 10 seconds.